Cogmind - Beta 13 @@@ ROGUE MODE // 2024.04.08 @ 19:44:13 Player: SnowyImp Result: Destroyed by H-61 Shepherd with Heavy Assault Cannon Performance ------------- Evolutions (3) 1500 Regions Visited (6) 1200 Robots Destroyed (6) 30 Value Destroyed (338) 338 Prototype IDs (6) 120 Alien Tech Used (0) 0 Bonus (934) 934 TOTAL SCORE: 4122 Bonus ------- Pacifist 634 Aligned with FarCom 300 Cogmind --------- Core Integrity 0/700 Matter 2/300 Energy 30/100 System Corruption 4% Temperature Cool (0) Movement Core (300) Ox5 Location -7/Factory Parts ------- > --- POWER (1) -------- (None) > --- PROPULSION (4) --- (None) > --- UTILITY (5) ------ (None) > --- WEAPON (3) ------- YOLO Cannon > --- INVENTORY (5) ---- Heavy Deuterium Engine Heavy Deuterium Engine Great Maul Peak State ------------ > --- POWER ------------ (None) > --- PROPULSION ------- Advanced Treads Airjet > --- UTILITY ---------- (None) > --- WEAPON ----------- YOLO Cannon Advanced Assault Cannon > --- INVENTORY -------- Heavy Deuterium Engine Heavy Deuterium Engine Great Maul [Rating: 31] Favorites ----------- Power Ion Engine Engine Ion Engine Propulsion Flight Unit Treads Advanced Treads Leg Aluminum Leg Wheel Wheel Hover Unit Airjet Flight Unit Flight Unit Utility None Weapon Advanced Assault Cannon Energy Gun Precision Shock Rifle Energy Cannon YOLO Cannon Ballistic Gun Precision Assault Rifle Ballistic Cannon Advanced Assault Cannon Special Weapon Mining Laser Impact Weapon Great Maul Build | -11 -10 -10 -10 -9 -8 -7 ------- Run | Yrd Mat Min Exi Min Mat Fac Slots Evolved 6 | . . . . . 4 2 Power . | . . . . . . . Propulsion 2 | . . . . . 2 . Utility 3 | . . . . . 2 1 Weapon 1 | . . . . . . 1 Parts Attached 35 | 3 2 1 2 . 8 19 Power 4 | 1 . . . . 1 2 Engine 4 | 1 . . . . 1 2 Core . | . . . . . . . Reactor . | . . . . . . . Propulsion 15 | 2 2 . 1 . 5 5 Treads 2 | . . . . . . 2 Leg 2 | . . . . . . 2 Wheel 2 | 2 . . . . . . Hover 4 | . . . . . 3 1 Flight 5 | . 2 . 1 . 2 . Utility . | . . . . . . . Device . | . . . . . . . Storage . | . . . . . . . Processor . | . . . . . . . Hackware . | . . . . . . . Protection . | . . . . . . . Artifact . | . . . . . . . Weapon 16 | . . 1 1 . 2 12 Energy Gun 2 | . . . . . 1 1 Energy Cannon 3 | . . . 1 . . 2 Ballistic Gun 4 | . . . . . . 4 Ballistic Cannon 4 | . . . . . . 4 Launcher . | . . . . . . . Special Weapon 1 | . . 1 . . . . Impact Weapon 2 | . . . . . 1 1 Slashing Weapon . | . . . . . . . Piercing Weapon . | . . . . . . . Special Melee Weapon . | . . . . . . . Unidentified Prototypes 6 | . . . 1 . 2 3 Parts Lost 12 | . . . . . 3 9 Power . | . . . . . . . Propulsion 8 | . . . . . 3 5 Utility . | . . . . . . . Weapon 4 | . . . . . . 4 Highest Loss Streak 5 | . . . . . 3 5 To Critical Strikes . | . . . . . . . Average Slot Usage (%) 29 | . 42 44 49 42 19 24 Engine 4 | . 14 14 14 14 2 . Leg 3 | . . . . . . 5 Hover 2 | . . . . . 5 2 Flight 8 | . 24 28 28 28 7 . Ballistic Gun 1 | . . . . . . 2 Ballistic Cannon 5 | . . . . . . 9 Impact Weapon 1 | . . . . . 4 2 Naked Turns 36 | . . . . . . 36 Heaviest Build 24 | 5 5 6 6 5 8 24 Greatest Support 22 | 20 20 8 8 8 8 22 Greatest Overweight (x) 4 | 1 1 . . . . 4 Average Overweight (x) . | . . . . . . . Largest Inventory Capacity 5 | 5 5 5 5 5 5 5 Average Capacity 5 | 5 5 5 5 5 5 5 Most Carried 5 | 1 5 5 5 5 5 5 Average Carried 4 | . 3 5 4 5 4 4 Final Capacity 5 | 5 5 5 5 5 5 5 Final Carried 5 | 1 5 5 5 5 5 3 Class Distribution -------------------- 72% | Mutant 27% | Skirmisher Dominant Class ---------------- Mutant | -10/Materials Mutant | -10/Mines Mutant | -10/Exiles Mutant | -9/Mines Mutant | -8/Materials Mutant | -7/Factory Resources | -11 -10 -10 -10 -9 -8 -7 ----------- Run | Yrd Mat Min Exi Min Mat Fac Matter Collected 369 | 172 . . . . 8 189 Remotely . | . . . . . . . Salvage Created 149 | . . . . . . 149 Parts 7 | . . . . . . 7 Haulers Intercepted . | . . . . . . . Recyclers Shooed . | . . . . . . . Parts Field Recycled . | . . . . . . . Retrieved Matter . | . . . . . . . Parts Self-Destructed . | . . . . . . . Prevented . | . . . . . . . Kills | -11 -10 -10 -10 -9 -8 -7 ------- Run | Yrd Mat Min Exi Min Mat Fac Combat Hostiles Destroyed 6 | . . . . . . 6 Guns 1 | . . . . . . 1 Cannons 4 | . . . . . . 4 AOE 1 | . . . . . . 1 Classes Destroyed 2 | . . . . . . 2 Grunt 4 | . . . . . . 4 Programmer 2 | . . . . . . 2 Best Kill Streak 2 | . . . . . . 2 Combat Bots Only 2 | . . . . . . 2 Max Kills in Single Turn 2 | . . . . . . 2 Gunslinging . | . . . . . . . Exploded 1 | . . . . . . 1 Melee . | . . . . . . . Uniques/NPCs Destroyed . | . . . . . . . Combat | -11 -10 -10 -10 -9 -8 -7 -------- Run | Yrd Mat Min Exi Min Mat Fac Hostile Shots Fired 213 | . 4 4 . 7 24 174 Missed 67 | . 3 1 . 4 7 52 Damage Taken 2555 | . 10 41 . 36 451 2017 Core 1080 | . 10 28 . 11 304 727 Absorbed by Shields 23 | . . . . . . 23 Core Remaining (%) 74 | 100 . . . 80 44 . Volleys Fired 17 | . . . . . . 17 Largest 3 | . . . . . . 3 Hottest 144 | . . . . . . 144 Shots Fired 32 | . . . . . . 32 Gun 12 | . . . . . . 12 Cannon 20 | . . . . . . 20 Launcher . | . . . . . . . Special . | . . . . . . . Kinetic 31 | . . . . . . 31 Thermal 1 | . . . . . . 1 Explosive . | . . . . . . . Electromagnetic . | . . . . . . . Robot Hit Streak 4 | . . . . . . 4 Robot Miss Streak 1 | . . . . . . 1 Penetration Max . | . . . . . . . Secondary Targets . | . . . . . . . Shots Hit Robots 21 | . . . . . 1 20 Core Hits 9 | . . . . . . 9 Critical Kills . | . . . . . . . Critical Parts Destroyed . | . . . . . . . Critical Strikes 1 | . . . . . . 1 Blast 1 | . . . . . . 1 Melee Attacks 7 | . . . . . 2 5 Impact 7 | . . . . . 2 5 Slashing . | . . . . . . . Piercing . | . . . . . . . Sneak Attacks 1 | . . . . . 1 . Combat Hostiles . | . . . . . . . Follow-up Attacks . | . . . . . . . Damage Inflicted 810 | . . . . . 60 750 Guns 122 | . . . . . . 122 Cannons 485 | . . . . . . 485 Explosions 142 | . . . . . . 142 Melee 60 | . . . . . 60 . Ramming 1 | . . . . . . 1 Kinetic 483 | . . . . . . 483 Thermal 266 | . . . . . . 266 Explosive . | . . . . . . . Electromagnetic . | . . . . . . . Impact 60 | . . . . . 60 . Slashing . | . . . . . . . Piercing . | . . . . . . . Highest Corruption 4 | . . . . . . 4 Average Corruption 3 | . . . . . . 3 Corruption Purged . | . . . . . . . Corruption Blocked . | . . . . . . . Effects 10 | . . . . . . 10 Message Errors 2 | . . . . . . 2 Matter Fused 3 | . . . . . . 3 Heat Flow Errors 1 | . . . . . . 1 Energy Discharges 4 | . . . . . . 4 Overload Shots . | . . . . . . . Overflow Damage 31 | . . . . . 20 11 Projectiles 11 | . . . . . . 11 Explosions . | . . . . . . . Melee 20 | . . . . . 20 . Knockbacks 5 | . . . . . . 5 Impact . | . . . . . . . Kinetic 5 | . . . . . . 5 Secondary . | . . . . . . . Self-Inflicted Damage . | . . . . . . . Shots . | . . . . . . . Rammed 1 | . . . . . . 1 Targets Rammed 1 | . . . . . . 1 Kicked . | . . . . . . . Crushed . | . . . . . . . Highest Temperature 246 | . . . . 13 . 246 Average Temperature 42 | . . . . 7 . 44 Received Heat Transfer 1158 | . 6 24 . 39 72 1017 Siege Activations . | . . . . . . . Robots Corrupted . | . . . . . . . Combat Hostiles . | . . . . . . . Parts Fried . | . . . . . . . Impact Corruptions 1 | . . . . . 1 . Robots Melted . | . . . . . . . Combat Hostiles . | . . . . . . . Parts Melted . | . . . . . . . Heat Transferred 240 | . . . . . . 240 Parts Sabotaged . | . . . . . . . Parts Stolen . | . . . . . . . Parts Stripped . | . . . . . . . Power Chain Reactions . | . . . . . . . Alert | -11 -10 -10 -10 -9 -8 -7 ------- Run | Yrd Mat Min Exi Min Mat Fac Peak Influence 260 | . 60 68 . 45 196 260 Initial 88 | . . 23 . . 17 88 Average 85 | . 21 26 . 25 86 111 Maximum Alert Level 1 | . . . . . . 1 Low Security (%) 95 | 100 100 100 . 100 100 92 Level 1 4 | . . . . . . 7 Level 2 . | . . . . . . . Level 3 . | . . . . . . . Level 4 . | . . . . . . . Level 5 . | . . . . . . . High Security . | . . . . . . . Max Security . | . . . . . . . Squads Dispatched 10 | . 2 . . . 3 5 Investigation 3 | . 2 . . . . 1 Extermination 2 | . . . . . . 2 Reinforcement 5 | . . . . . 3 2 Assault . | . . . . . . . Garrison . | . . . . . . . Intercept . | . . . . . . . Searches Triggered . | . . . . . . . Construction Impeded . | . . . . . . . Haulers Reinforced . | . . . . . . . Active Scanning Responses . | . . . . . . . Cargo Convoy Interrupts . | . . . . . . . Stealth | -11 -10 -10 -10 -9 -8 -7 --------- Run | Yrd Mat Min Exi Min Mat Fac Distress Signals 1 | . . . . . . 1 Communications Jammed . | . . . . . . . Distress Signals . | . . . . . . . Times Spotted 58 | . 7 2 . 5 10 34 Peak Tracking Total 12 | . 5 2 . 3 7 12 Tactical Retreats 12 | . . 1 . 1 2 8 Traps | -11 -10 -10 -10 -9 -8 -7 ------- Run | Yrd Mat Min Exi Min Mat Fac Traps Triggered 2 | . . . . . . 2 Indirectly . | . . . . . . . Trap Hack Attempts . | . . . . . . . Triggered . | . . . . . . . Disarmed . | . . . . . . . Reprogrammed . | . . . . . . . Reused . | . . . . . . . Traps Extracted . | . . . . . . . Installed . | . . . . . . . Triggered . | . . . . . . . Machines | -11 -10 -10 -10 -9 -8 -7 ---------- Run | Yrd Mat Min Exi Min Mat Fac Machines Disabled 3 | . . . . . . 3 Max in Single Turn 1 | . . . . . . 1 Machines Repaired . | . . . . . . . Machines Dismantled . | . . . . . . . Machines Sabotaged . | . . . . . . . Overloaded Fab Kills . | . . . . . . . Hacking | -11 -10 -10 -10 -9 -8 -7 --------- Run | Yrd Mat Min Exi Min Mat Fac Machines Accessed 10 | . 3 1 . . 3 3 Terminals 8 | . 3 . . . 3 2 Fabricators 1 | . . . . . . 1 Repair Stations . | . . . . . . . Recycling Units . | . . . . . . . Scanalyzers . | . . . . . . . Garrison Access . | . . . . . . . Total Hacks 19 | . 6 1 . . 7 5 Successful 8 | . . 1 . . 5 2 Failed 11 | . 6 . . . 2 3 Catastrophic 6 | . 3 . . . 1 2 Database Lockouts . | . . . . . . . Manual 16 | . 6 . 1 . 7 2 Terminals 15 | . 6 . . . 7 2 Fabricators 3 | . . . . . . 3 Repair Stations . | . . . . . . . Recycling Units . | . . . . . . . Scanalyzers . | . . . . . . . Garrison Access . | . . . . . . . Terminal Hacks 5 | . . 1 . . 4 . Part Schematic 1 | . . . . . 1 . Open Door 1 | . . 1 . . . . Level Access Points 1 | . . . . . 1 . Branch Access Points 1 | . . . . . 1 . Terminal Index 1 | . . . . . 1 . Fabricator Hacks 2 | . . . . . . 2 Load Schematic 1 | . . . . . . 1 Build 1 | . . . . . . 1 Repair Station Hacks . | . . . . . . . Recycling Unit Hacks . | . . . . . . . Scanalyzer . | . . . . . . . Garrison Access Hacks . | . . . . . . . Unauthorized Hacks 1 | . . . . . 1 . Terminals 1 | . . . . . 1 . Botnet 1 | . . . . . 1 . Fabricators . | . . . . . . . Repair Stations . | . . . . . . . Recycling Units . | . . . . . . . Scanalyzers . | . . . . . . . Garrison Access . | . . . . . . . Data Cores Recovered . | . . . . . . . Used . | . . . . . . . Hacking Detections 7 | . 3 . . . 2 2 Full Trace Events 4 | . 3 . . . . 1 Feedback Events . | . . . . . . . Feedback Blocked . | . . . . . . . Robot Schematics Acquired . | . . . . . . . Robots Built . | . . . . . . . Authchips . | . . . . . . . Time . | . . . . . . . Total Robot Build Rating . | . . . . . . . Part Schematics Acquired 1 | . . . . . 1 . Parts Built . | . . . . . . . Authchips . | . . . . . . . Time 73 | . . . . . . 73 Total Part Build Rating . | . . . . . . . Parts Repaired . | . . . . . . . Time . | . . . . . . . Parts Recycled . | . . . . . . . Recycled Matter . | . . . . . . . Retrieved Matter . | . . . . . . . Retrieved Components . | . . . . . . . Parts Scanalyzed . | . . . . . . . Part Schematics Acquired . | . . . . . . . Parts Damaged . | . . . . . . . Bothacking | -11 -10 -10 -10 -9 -8 -7 ------------ Run | Yrd Mat Min Exi Min Mat Fac Used RIF Installer . | . . . . . . . Robots Hacked . | . . . . . . . Non-combat . | . . . . . . . Combat . | . . . . . . . Robot Hacks Applied . | . . . . . . . Relay Couplers Released . | . . . . . . . Fabnet Peak Effective % . | . . . . . . . Robots Rewired . | . . . . . . . Allies Hacked . | . . . . . . . Hacks Repelled . | . . . . . . . Allies | -11 -10 -10 -10 -9 -8 -7 -------- Run | Yrd Mat Min Exi Min Mat Fac Total Allies 1 | . . 1 . . . . Largest Group 1 | . . 1 . . . . Highest-Rated Group 31 | . . 31 . . . . Highest-Rated Ally 31 | . . 31 . . . . Total Orders . | . . . . . . . Ally Attacks 7 | . . 7 . . . . Total Damage 130 | . . 130 . . . . Kills 1 | . . 1 . . . . Allies Corrupted . | . . . . . . . Allies Melted . | . . . . . . . Intel | -11 -10 -10 -10 -9 -8 -7 ------- Run | Yrd Mat Min Exi Min Mat Fac Robot Analysis Total . | . . . . . . . Derelict Logs Recovered 3 | . . 1 . 2 . . Drone Launches . | . . . . . . . Drone Recoveries . | . . . . . . . Exploration | -11 -10 -10 -10 -9 -8 -7 ------------- Run | Yrd Mat Min Exi Min Mat Fac Turns Passed 1530 | 29 82 184 83 100 133 919 Spaces Moved 2060 | 30 176 493 211 246 235 669 Core 112 | 8 1 . . . . 103 Treads 97 | . . . . . . 97 Legs 91 | . . . . . . 91 Wheels 39 | 22 17 . . . . . Hover 477 | . . . . . 99 378 Flight 1244 | . 158 493 211 246 136 . Fastest Speed 37 | 50 37 37 37 37 37 50 Average Speed 55 | 78 41 37 37 37 47 87 Slowest Speed 250 | 100 120 37 37 37 60 250 Overloaded Moves . | . . . . . . . Propulsion Burnouts . | . . . . . . . Robots Hopped 18 | . 2 8 . 6 2 . Cave-ins Triggered . | . . . . . . . Exploration Rate (%) 44 | 3 49 88 58 73 25 17 Regions Visited 6 Branch Regions 3 Pre-discovered Areas 2 | . . 1 . 1 . . Known Exits Taken 1 | . . . . . 1 . Unknown Exits Taken 5 | 1 1 1 1 1 . . Scrap Searched 2 | . . 1 . 1 . . Spaces Dug 6 | . . . . . 1 5 Terrain Destroyed 18 | . . . . . 1 17 Melee 6 | . . . . . 1 5 Projectile 1 | . . . . . . 1 AOE 11 | . . . . . . 11 Terrain Rammed . | . . . . . . . Walls Destroyed . | . . . . . . . Machines Disabled . | . . . . . . . Actions | -11 -10 -10 -10 -9 -8 -7 --------- Run | Yrd Mat Min Exi Min Mat Fac Total 2377 | 33 181 485 216 248 250 964 Wait 220 | . . . . 9 . 211 Move 2021 | 29 171 478 210 234 230 669 Hop 15 | . 2 6 . 5 2 . Pick Up 12 | 1 4 . . . 3 4 Fast Attach 24 | 3 2 1 1 . 3 14 Attach 9 | . . . . . 4 5 Detach 6 | . . . 1 . 1 4 Swap 2 | . . . 1 . 1 . Drop 19 | . 2 . 3 . 4 10 Fire 17 | . . . . . . 17 Melee 7 | . . . . . 2 5 Ram . | . . . . . . . Kick . | . . . . . . . Crush 1 | . . . . . . 1 Escape Stasis 24 | . . . . . . 24 Rewire . | . . . . . . . Trap . | . . . . . . . Miscellaneous . | . . . . . . . Route ------- -11/Scrapyard -10/Materials (discovered 2 exits: [*Mat] / *Min) -10/Mines (discovered 2 exits: [*Mat] / *Exi) -10/Exiles -9/Mines -8/Materials (discovered 3 exits: *Fac x3) -7/Factory History --------- Turn | Location | Event 7 | -11/Scrapyard | Discovered new exit (range 16) 30 | -11/Scrapyard | Entered Materials 93 | -10/Materials | Discovered new exit (range 16) 108 | -10/Materials | Discovered new exit (range 12) 112 | -10/Materials | Entered Mines 115 | -10/Mines | Found the Drone Emporium 126 | -10/Mines | Assembled infested the area 141 | -10/Mines | Learned location of Zion (-6) 255 | -10/Mines | Discovered new exit (range 11) 258 | -10/Mines | Received a Mining Laser from a helpful Derelict 295 | -10/Mines | Discovered new exit (range 5) 296 | -10/Mines | Entered Exiles 303 | -10/Exiles | Build established: Mutant 305 | -10/Exiles | Met 8R-AWN 312 | -10/Exiles | Met EX-HEX 323 | -10/Exiles | Met EX-BIN 328 | -10/Exiles | Aligned with FarCom system 328 | -10/Exiles | Given EX-Vault access code 337 | -10/Exiles | Opened EX-Vault 340 | -10/Exiles | Found Prototype Energy Cannon 340 | -10/Exiles | Identified YOLO Cannon 352 | -10/Exiles | Warned to stay clear of 0b10 Research branches 376 | -10/Exiles | Discovered new exit (range 11) 379 | -10/Exiles | Left Exiles lab with YOLO Cannon 379 | -10/Exiles | Entered Mines 466 | -9/Mines | Learned location of 1 exit from Lower Caves 470 | -9/Mines | Found a hidden stash of uninstalled traps 476 | -9/Mines | Discovered new exit (range 8) 479 | -9/Mines | Entered Materials 479 | -8/Materials | Evolved 4 slots: Propulsion x2, Utility x2 501 | -8/Materials | Identified exit to Factory 541 | -8/Materials | Lost 3 parts (3n) 603 | -8/Materials | Core integrity fell below 50% 612 | -8/Materials | Entered Factory 612 | -7/Factory | Evolved 2 slots: Utility x1, Weapon x1 1108 | -7/Factory | Lost 5 parts (2n3w) 1423 | -7/Factory | Build established: Skirmisher 1436 | -7/Factory | Core integrity fell below 50% 1494 | -7/Factory | Lost 3 parts (2n1w) 1509 | -7/Factory | Core integrity fell below 20% 1531 | -7/Factory | Destroyed by H-61 Shepherd with Heavy Assault Cannon Last Messages --------------- 01516_ Triggered Stasis Trap. 01516_ A bubble of rippling energy engulfs the area. 01516_ Field strength at 94. 01516_ Field strength at 88. 01517_ Field strength at 82. 01518_ Field strength at 76. 01519_ Field strength at 70. 01520_ Field strength at 64. 01521_ Field strength at 58. 01522_ Field strength at 52. 01523_ Field strength at 46. 01524_ Field strength at 40. 01525_ Field strength at 34. 01526_ Field strength at 28. 01528_ G-47 Trooper destroyed. 01529_ H-61 Shepherd calls for reinforcements. 01529_ ALERT: Hostile activity reported, dispatching reinforcements to area. 01529_ Fabricator disabled. Map ----- +----------------------------------------------------+ | #### % # #? | | ################## """ " """" + #? | | ## ] #???###???# """"" """"" # #? | | ## #####"##### """ """ * # #? | | ##] ## [ # #? | | ## ## """ " # #? | | ## """ ## """ F" # #? | | ## """ / """ " ##########? | | "# """ ## ^ "" #?????????? | | "# ## #?????????? | | #" """ ## #?????????? | | ## """ ## % ###################?????????? | | ## """ ## % ## """??????????????? | | ## # # "" F"????????????? | | ####+### # "" "" #??????????? | | # #??????????? | | w # #??????????? | | % g #??????????? | | ;g """"""" ????????????? | | H """"????????????????? | | ######## g ;% """"????????????????? | | #??????# g ;*% """"????????????????? | | ########## ;;#;;;;######????????????????? | | # ??# g##;# ;##?????????????????????? | | # """" ??# g g #?????????????????????? | | # """" [?# @ #?????????????????????? | | + """" + %#?????????????????????? | | "" # """" # #?????????????????????? | | "" + """" #k #?????????????????????? | | "" # """" ?# #?????????????????????? | | # """" ??# #?????????????????????? | | "" # ??# ?????????????????????? | | "" # """" ?# ?????????????????????? | | "" # """" # "" " ?????????????????????? | | # """" #k "F " ????????????????????? | | # "?""???# ????????????????????? | | # "??????# ? ????????????????????? | | # "???????? ?? ? ????????????????????? | | # ??????????? ???"? ???????????????????? | | ###### ?????????????? ???"?? ???????????????????? | | #####? ??????????????????????????????????????????? | | #?#??????????????????????????????????????????? | | #????????????????????????????????????????????? | | #????????????????????????????????????????????? | | "" #????????????????????????????????????????????? | | "" #????????????????????????????????????????????? | | "" +????????????????????????????????????????????? | | #????????????????????????????????????????????? | | "" #????????????????????????????????????????????? | | "" ??????????????????????????????????????????????? | +----------------------------------------------------+ Best States ------------- Heat Dissipation 34 Energy Generation 18 Energy Capacity 310 Matter Stores 242 Matter Capacity 300 Sight Range 16 Terrain Scan Density 10 Evasion (%) 62 Recoil Reduction 1 Item Schematics ----------------- Hacking Suite | -8/Materials | Hacked Robot Schematics ------------------ None Fabricated ------------ Nothing Alien Tech Used ----------------- None Achievements -------------- None Challenges ------------ None Game ------ Seed DynamicLightningRedirector Manual? 0 Play Time 00:24:08 Cumulative 28.6 hours Start 2024.04.08 @ 19:20:59 End 2024.04.08 @ 19:44:13 Sessions 1 Manual Loads 0 Difficulty Rogue Special Mode None Game No. 40 Rogue 40 Adventurer 0 Explorer 0 Win Type - Total 0 Types 0/0/0/0/0/0/0/0/0 Lore% 13 Gallery% 30 Achievement% 24 Wizard Run 0 Options --------- Layout 1 ASCII 0 Keyboard 0 Movement Numpad Keybinds 0 Fullscreen 1 Font 24/Crisp Map View 50x35 Zoom Use 0% Tactical HUD 1 Map Filters NONE Filters NONE Steam 1 RUN: 205f33bd-e4ee-4506-923e-adcde0d16b33